 Dungeon Crawl Stone Soup version 0.16-a0-2611-g6d04fdd (console) character file.

3994 Kellhus the Conjurer (level 10, -1/74 HPs)
             Began as a Vampire Wizard on Nov 22, 2014.
             Was a Believer of Makhleb.
             Slain by a killer bee (5 damage)
             ... on level 9 of the Dungeon.
             The game lasted 00:18:24 (10901 turns).

Kellhus the Conjurer (Vampire Wizard)              Turns: 10901, Time: 00:18:24

Health: -1/74      AC:  7    Str:  6    XL:     10   Next: 3%
Magic:  24/24      EV: 20    Int: 23    God:    Makhleb [**....]
Gold:   325        SH:  0    Dex: 12    Spells: 5 memorised, 11 levels left

rFire  . . .     SeeInvis +     a - +1 dagger (venom)
rCold  . . .     Clarity  .     D - +1 robe {MR+}
rNeg   + . .     SustAb   +     (no shield)
rPois  .         Gourm    .     l - +2 helmet
rElec  .         Spirit   .     (no cloak)
rCorr  .         Warding  .     (no gloves)
rMut   .         Stasis   .     x - +0 pair of boots
MR     ++...                    (no amulet)
Stlth  ++........               z - ring of sustain abilities
                                g - +5 ring of evasion

@: lethally poisoned, very resistant to hostile enchantments, unstealthy
A: bottle blood, fangs 3, see invisible, unbreathing
a: Bat Form, Minor Destruction, Renounce Religion


You were on level 9 of the Dungeon.
You worshipped Makhleb.
Makhleb was pleased with you.
You were not thirsty.

You visited 2 branches of the dungeon, and saw 10 of its levels.

You collected 325 gold pieces.

Inventory:

Hand weapons
 a - a +1 dagger of venom (weapon)
 b - a +0 blowgun
 t - a +0 dagger of venom
Missiles
 r - 36 poisoned needles
Armour
 i - a +0 robe
 k - a +2 animal skin
 l - a +2 helmet (worn)
 x - a +0 pair of boots (worn)
 D - a +1 robe of magic resistance (worn)
Jewellery
 g - a +5 ring of evasion (left hand)
 m - an uncursed ring of ice
 y - an uncursed amulet of warding {unknown}
 z - a ring of sustain abilities (right hand)
Magical devices
 n - a wand of fire (9)
 B - a wand of paralysis (8)
Scrolls
 e - 3 scrolls of remove curse {unknown}
 f - a scroll of teleportation
 h - a scroll of amnesia {unknown}
 o - 4 scrolls of enchant armour {unknown}
 p - 3 scrolls of blinking {unknown}
 v - a scroll of magic mapping {unknown}
 C - a scroll of noise {unknown}
Potions
 d - 2 potions of curing
 j - a potion of restore abilities
 q - 2 potions of heal wounds
 s - a potion of lignification
 u - 2 potions of resistance
 w - 2 potions of haste {unknown}
 A - a potion of might
 E - a potion of agility {unknown}
 F - a potion of confusion {unknown}
 G - a potion of magic {unknown}
Books
 c - a book of Minor Magic

   Spells                             Type                      Level
   *Magic Dart                        Conjuration                  1
   *Blink                             Translocation                2
   Call Imp                           Summoning                    2
   *Repel Missiles                    Charms/Air                   2
   Slow                               Hexes                        2
   *Conjure Flame                     Conjuration/Fire             3
   *Mephitic Cloud                    Conjuration/Poison/Air       3


   Skills:
 + Level 5.2 Fighting
 - Level 7.0 Dodging
 - Level 3.0 Stealth
 - Level 6.5 Spellcasting
 - Level 7.5 Conjurations
   Level 1.0 Summonings
 - Level 0.7 Translocations


You had 11 spell levels left.
You knew the following spells:

 Your Spells              Type           Power        Failure   Level  Hunger
a - Magic Dart            Conj           ####         1%          1    None
b - Conjure Flame         Conj/Fire      ####....     8%          3    None
c - Mephitic Cloud        Conj/Pois/Air  ###.....     10%         3    None
l - Blink                 Tloc           N/A          12%         2    None
r - Repel Missiles        Chrm/Air       #.....       14%         2    None


Dungeon Overview and Level Annotations

Branches:
Dungeon (9/15)             Temple (1/1) D:7
   Lair: D:8-11         Orc: D:9-12

Altars:
Ashenzari
Cheibriados
Dithmenos
Elyvilon
Fedhas
Gozag
Kikubaaqudgha
Makhleb
Nemelex Xobeh
Okawaru
Qazlal
Ru
Sif Muna
Trog
Vehumet
Xom
Yredelemnul
Zin
The Shining One

Shops:
D:4 *(?*


Innate Abilities, Weirdness & Mutations

You can bottle blood from corpses.
You have razor-sharp teeth.
You have supernaturally acute eyesight.
You can survive without breathing.


Message History

The killer bee closely misses you. The killer bee stings you.
* * * LOW HITPOINT WARNING * * *
Unknown command.
You closely miss the killer bee. Your bite misses the killer bee.
* * * LOW HITPOINT WARNING * * *
You feel sick. The killer bee barely misses you.
The killer bee completely misses you. x2
The killer bee misses you.
Unknown command.
You closely miss the killer bee. Your bite misses the killer bee.
* * * LOW HITPOINT WARNING * * *
You feel sick. The killer bee closely misses you.
The killer bee completely misses you. The killer bee misses you.
The killer bee barely misses you.
You hit the killer bee.
The killer bee is lightly wounded.
* * * LOW HITPOINT WARNING * * *
You feel sick. The killer bee misses you. The killer bee completely misses you.
The killer bee stings you.
You die...

..........+.........+
.#.#...####.........#
.#.##..#
##.......####..
.<.....#
##..........#
#...#### ##...#####.#
#...... ##..#
#...##.# #..# ##### #
#..# ##.@# #.yy#
#.........#
#.###..$..y..
....#.##### ####. .#
#. .# .. .# #. ##


You could see 2 killer bees.

Vanquished Creatures
  A centaur zombie (D:7)
  A wyvern (D:8)
  A hippogriff (D:9)
  A phantom (D:8)
  2 ice beasts
  A yellow wasp (D:5)
  3 ogres (D:7)
  An eye of draining (D:6)
  3 orc warriors
  2 sky beasts
  A crocodile (D:9)
  A centaur (D:8)
  Duvessa (D:8)
  A big kobold (D:8)
  A gnoll sergeant (D:8)
  A wyvern skeleton (D:7)
  A giant frog (D:6)
  2 killer bees (D:9)
  Dowan (D:8)
  7 crimson imps
  A goliath beetle (D:7)
  A jelly (D:7)
  3 hounds
  2 centaur skeletons (D:7)
  2 giant frog skeletons
  12 orc wizards
  5 worker ants
  8 orc priests
  A hound skeleton (D:4)
  Robin (D:2)
  13 adders
  11 gnolls
  5 worms
  A giant mite (D:2)
  2 adder zombies
  4 adder skeletons
  2 oozes
  23 orcs
  3 ball pythons
  12 bats
  3 bat skeletons
  4 giant cockroaches
  21 goblins
  21 hobgoblins
  13 jackals
  19 kobolds
  6 quokkas
  4 giant geckos
  A giant gecko skeleton (D:5)
  4 giant newts
  20 rats
261 creatures vanquished.

Notes
Turn   | Place    | Note
--------------------------------------------------------------
     0 | D:1      | Kellhus, the Vampire Wizard, began the quest for the Orb.
     0 | D:1      | Reached XP level 1. HP: 13/13 MP: 4/4
   166 | D:1      | Reached skill level 1 in Conjurations
   537 | D:1      | Reached XP level 2. HP: 19/19 MP: 3/6
  1325 | D:1      | Reached XP level 3. HP: 15/24 MP: 0/7
  1748 | D:2      | Found a deep blue altar of Sif Muna.
  1986 | D:2      | Noticed Robin
  1994 | D:2      | Killed Robin
  1994 | D:2      | Reached XP level 4. HP: 28/30 MP: 1/9
  2495 | D:2      | Found a glowing golden altar of the Shining One.
  2910 | D:3      | Reached XP level 5. HP: 29/35 MP: 9/11
  3702 | D:3      | Reached skill level 4 in Conjurations
  3936 | D:3      | Reached XP level 6. HP: 33/41 MP: 8/12
  3967 | D:3      | Learned a level 3 spell: Conjure Flame
  3971 | D:3      | Learned a level 3 spell: Mephitic Cloud
  4125 | D:4      | Found Ycaenuy's Antique Weapon Shoppe.
  4175 | D:4      | Found a bloodstained altar of Trog.
  4243 | D:4      | Found Gocwomiv's Assorted Antiques.
  4431 | D:4      | Found Boefups' Assorted Antiques.
  4600 | D:4      | Reached skill level 5 in Conjurations
  4811 | D:4      | Found Jaapsess' Magic Scroll Boutique.
  5127 | D:5      | Entered Level 5 of the Dungeon
  5350 | D:5      | Reached XP level 7. HP: 46/46 MP: 1/14
  5592 | D:5      | HP: 2/46 [poisoned by a yellow wasp]
  5593 | D:5      | Reached skill level 6 in Conjurations
  5808 | D:5      | Found a sparkling altar of Nemelex Xobeh.
  6850 | D:6      | Reached skill level 7 in Conjurations
  6850 | D:6      | Reached XP level 8. HP: 52/52 MP: 9/16
  6854 | D:6      | Learned a level 2 spell: Blink
  6857 | D:6      | Learned a level 2 spell: Repel Missiles
  7585 | D:6      | Reached skill level 5 in Spellcasting
  8447 | D:7      | Reached XP level 9. HP: 57/57 MP: 14/23
  8515 | D:7      | Found a staircase to the Ecumenical Temple.
  8529 | Temple   | Entered the Ecumenical Temple
  8568 | Temple   | Became a worshipper of Makhleb the Destroyer
  8765 | D:7      | Noticed a centaur zombie
  8766 | D:7      | Found a basalt altar of Yredelemnul.
  8775 | D:7      | Killed a centaur zombie
  8775 | D:7      | Reached skill level 5 in Dodging
  8832 | D:7      | Found an opulent altar of Gozag.
  8832 | D:7      | Found a stormy altar of Qazlal.
  8833 | D:7      | Found an ancient bone altar of Kikubaaqudgha.
  9231 | D:8      | Acquired Makhleb's first power
  9370 | D:8      | Reached skill level 1 in Fighting
  9644 | D:8      | Acquired Makhleb's second power
 10155 | D:8      | Noticed Duvessa
 10155 | D:8      | Noticed Dowan
 10185 | D:8      | Killed Duvessa
 10196 | D:8      | Killed Dowan
 10757 | D:9      | Reached skill level 5 in Fighting
 10757 | D:9      | Reached XP level 10. HP: 39/74 MP: 24/24
 10901 | D:9      | Slain by a killer bee

Action                   |  1- 3 |  4- 6 |  7- 9 | 10-12 || total
-------------------------+-------+-------+-------+-------++-------
Melee: Unarmed           |    17 |       |       |       ||    17
       Dagger            |    10 |   112 |   291 |    14 ||   427
 Fire: Blowgun           |       |       |    10 |       ||    10
 Cast: Magic Dart        |   102 |   179 |   350 |     4 ||   635
       Conjure Flame     |       |     1 |     6 |       ||     7
       Mephitic Cloud    |       |     1 |     4 |       ||     5
       Blink             |       |       |     4 |       ||     4
  Use: Scroll            |     1 |       |     5 |       ||     6
       Potion            |     1 |       |     1 |       ||     2
 Stab: Sleeping          |       |     2 |     1 |       ||     3
       Confused          |       |       |     3 |       ||     3
  Eat: Corpse            |    10 |    23 |    26 |     1 ||    60
